 Dungeon Crawl Stone Soup version 0.19-a0-1260-gc94d3f7 (webtiles) character file.

4083 rlgrobin the Carver (level 10, -2/79 HPs)
             Began as a Mummy Gladiator on Aug 28, 2016.
             Was an Initiate of Gozag.
             Slain by a hill giant
             ... wielding a +0 giant club
              (20 damage)
             ... on level 7 of the Dungeon.
             The game lasted 00:43:48 (11926 turns).

rlgrobin the Carver (Mummy Gladiator)              Turns: 11926, Time: 00:43:48

Health: -2/79      AC: 12    Str: 20    XL:     10   Next: 5%
Magic:  10/10      EV:  8    Int:  7    God:    Gozag
Gold:   88         SH:  0    Dex: 15    Spells: 0 memorised, 9 levels left

rFire  . . .     SeeInvis .     F - +3 dagger (drain)
rCold  + . .     Gourm    .     v - +0 chain mail
rNeg   + + +     Faith    +     (no shield)
rPois  ∞         Spirit   .     c - +0 helmet
rElec  .         Dismiss  .     g - +0 cloak
rCorr  .         Reflect  .     (no gloves)
MR     +....     Harm     .     w - +1 pair of boots
Stlth  ..........               x - amulet of faith
                                (no ring)
                                b - ring of protection from fire

@: gold aura
A: no food or potions, fire vulnerability, cold resistance 1, negative energy
resistance 3, torment resistance, unbreathing
a: Potion Petition, Call Merchant, Bribe Branch, Renounce Religion


You were on level 7 of the Dungeon.
You worshipped Gozag.
Gozag was noncommittal.
You were not hungry.

You visited 2 branches of the dungeon, and saw 9 of its levels.
You also visited: Ossuary and Bailey.

You collected 1468 gold pieces.
You spent 1293 gold pieces at shops.
You paid 87 gold pieces to Gozag.

Inventory:

Hand Weapons
 a - a +0 long sword
 C - the +8 lajatang of Miod {flame, Int+2 Stlth+}
   (You acquired it on level 4 of the Dungeon)

   It has been specially enchanted to burn those struck by it, causing extra
   injury to most foes and up to half again as much damage against particularly
   susceptible opponents.
   Big, fiery blades are also staple armaments of hydra-hunters.
   It affects your intelligence (+2).
   It makes you more stealthy.
 D - a +0 longbow of flaming
 F - a +3 dagger of draining (weapon)
Missiles
 d - 3 throwing nets (quivered)
 e - 4 steel javelins
 f - 26 poisoned needles
Armour
 c - a +0 helmet (worn)
 g - a +0 cloak (worn)
 h - a cursed +0 scale mail
 v - a +0 chain mail (worn)
 w - a +1 pair of boots (worn)
Jewellery
 b - a ring of protection from fire (left hand)
 x - an amulet of faith (around neck)
Wands
 m - a wand of random effects (0/48)
 o - a wand of random effects (35/48)
 q - a wand of digging (17/24)
Scrolls
 i - 3 scrolls of amnesia
 j - 4 scrolls of blinking
 l - a scroll of teleportation
 n - 2 scrolls of enchant weapon
 p - 3 scrolls of identify
 r - 3 scrolls of fog
 s - a scroll of noise
 t - 2 scrolls of fear
 u - a scroll of enchant armour
 y - a scroll of holy word
 z - a scroll of magic mapping
 A - 2 scrolls of remove curse
 B - a scroll of silence
Books
 k - a book of Alchemy

   Spells                             Type                      Level
   a - Sublimation of Blood           Necromancy                   2
   b - Ignite Poison                  Fire/Transmutation/Poison    3
   c - Petrify                        Transmutation/Earth          4
   d - Alistair's Intoxication        Transmutation/Poison         5
   e - Irradiate                      Conjuration/Transmutation    5


   Skills:
 - Level 7.2 Fighting
 + Level 11.0 Long Blades
 - Level 1.5 Throwing
 - Level 2.4 Dodging


You had 9 spell levels left.
You didn't know any spells.

Dungeon Overview and Level Annotations

Branches:
Dungeon (8/15)             Temple (1/1) D:5            Lair (0/6) D:8

Altars:
Ashenzari
Cheibriados
Gozag
Kikubaaqudgha
Makhleb
Nemelex Xobeh
Okawaru
Qazlal
Ru
Sif Muna
Trog
Vehumet
Xom
Zin
The Shining One

Shops:
D:4 [?[   D:7 [

Annotations:
D:7 exclusion: downstairs


Innate Abilities, Weirdness & Mutations

You do not eat or drink.
Your flesh is vulnerable to fire.
You are immune to poison.
Your flesh is cold resistant. (rC+)
You are immune to negative energy. (rN+++)
You are immune to unholy pain and torment.
You can survive without breathing.


Message History

You start resting.
HP restored.
You climb downwards.
The rat barely misses you. The rat bites you.
There is a stone staircase leading up here.
You hit the rat.
You kill the rat!
The hill giant hits you with a giant club!!!
You climb upwards.
Level annotation: exclusion: downstairs
There is a stone staircase leading down here.
You hit the hill giant. You drain the hill giant!
The hill giant is lightly wounded.
The hill giant hits you with a giant club!!
* * * LOW HITPOINT WARNING * * *
Okay, then.
Evoke which item? (* to show all) (? for menu, Esc to quit)
Okay, then.
The hill giant hits you with a giant club!!
You die...
Your body crumbles into a pile of gold.

##...#∩#..#####...
###.#'##.###...#.
###?......)..###.
#########....###.##### #.
#.........#..# #.# #.
#.........#..# #.# ####.
#.......>.#..# #.# #....
#.......C.#..###.# #....
#.......@.....##.# ##...>
#..(......#...##.###.....
#.........#..((..........
#........<#.##(#.###.....
#.........#.##.......#...
#.........#.##(...####...
###########.##.#.## #...
#.##(#.# #... #.##.#.##
#...


You could see a hill giant.

Vanquished Creatures
  4 yaks (D:7)
  2 hungry ghosts (D:7)
  Menkaure (Ossuary)
  2 porcupines
  An orc warrior (D:6)
  2 sky beasts
  A black bear (D:7)
  3 ogres
  A phantom (D:7)
  4 centaurs
  A big kobold (D:6)
  3 giant frogs
  A scorpion (D:5)
  2 howler monkeys (D:8)
  4 centaur zombies
  2 crimson imps
  3 hounds
  A quasit (D:8)
  2 orc priests
  5 orc wizards
  2 centaur skeletons
  A giant frog skeleton (D:6)
  Ijyb (D:3)
  5 iguanas
  4 worker ants
  3 ogre zombies (Ossuary)
  3 hound skeletons
  4 mummies (Ossuary)
  18 gnolls
  15 adders
  A river rat (D:8)
  A shadow imp (D:6)
  2 oozes
  2 adder skeletons (D:7)
  6 adder zombies (Ossuary)
  2 worms (D:3)
  2 dart slugs (D:1)
  4 giant geckos
  24 orcs
  7 bats
  5 giant cockroaches
  8 goblins
  18 hobgoblins
  14 jackals
  2 quokkas
  2 giant newts
  2 gnoll zombies (Ossuary)
  4 goblin zombies (Ossuary)
  4 hobgoblin zombies (Ossuary)
  A jackal skeleton (D:6)
  19 kobolds
  2 kobold zombies (Ossuary)
  An orc zombie (Ossuary)
  2 quokka skeletons (D:6)
  5 quokka zombies (Ossuary)
  6 rats
  A rat zombie (Ossuary)
248 creatures vanquished.

Vanquished Creatures (collateral kills)
  A mummy (Ossuary)
1 creature vanquished.

Vanquished Creatures (others)
  A dart slug (D:1)
  A bush (D:8)
  A fungus (D:8)
  4 plants (D:8)
7 creatures vanquished.

Grand Total: 256 creatures vanquished

Notes
Turn   | Place    | Note
-------+----------+-------------------------------------------
     0 | D:1      | rlgrobin the Mummy Gladiator began the quest for the Orb.
     0 | D:1      | Reached XP level 1. HP: 16/16 MP: 1/1
    41 | D:1      | Found an iron altar of Okawaru.
   222 | D:1      | Reached XP level 2. HP: 22/22 MP: 2/2
   242 | D:1      | Reached skill level 3 in Long Blades
   833 | D:1      | Reached XP level 3. HP: 22/27 MP: 3/3
   917 | D:2      | Found a shimmering altar of Xom.
  1200 | D:2      | Reached skill level 4 in Long Blades
  1378 | D:2      | Reached XP level 4. HP: 26/33 MP: 4/4
  2015 | D:2      | Reached XP level 5. HP: 29/38 MP: 5/5
  2317 | D:3      | Reached skill level 5 in Long Blades
  2651 | D:3      | Noticed Ijyb
  2678 | D:3      | Killed Ijyb
  3342 | D:4      | Found Yjoodad's Magic Scroll Shoppe.
  3414 | D:4      | Noticed an ogre
  3434 | D:4      | Killed an ogre
  3434 | D:4      | Reached skill level 6 in Long Blades
  3434 | D:4      | Reached XP level 6. HP: 44/44 MP: 6/6
  3600 | D:4      | Found Voetavvixt's Antique Armour Shoppe.
  3764 | D:4      | Found Sadey's Armour Boutique.
  4080 | D:5      | Entered Level 5 of the Dungeon
  4080 | D:5      | Found a staircase to the Ecumenical Temple.
  4087 | Temple   | Entered the Ecumenical Temple
  4118 | Temple   | Became a worshipper of Gozag Ym Sagoz the Greedy
  4636 | D:4      | Reached XP level 7. HP: 51/51 MP: 7/7
  4690 | D:4      | Bought a +1 pair of boots for 149 gold pieces
  4887 | D:5      | Reached skill level 7 in Long Blades
  5431 | D:6      | Found a sparkling altar of Nemelex Xobeh.
  5559 | D:6      | Found a sand-covered staircase.
  5567 | Ossuary  | Entered an ossuary
  6141 | Ossuary  | Reached XP level 8. HP: 52/60 MP: 8/8
  6286 | Ossuary  | Noticed Menkaure
  6486 | Ossuary  | Killed Menkaure
  6486 | Ossuary  | Reached skill level 8 in Long Blades
  7130 | D:6      | Reached skill level 5 in Fighting
  7993 | D:7      | Reached skill level 9 in Long Blades
  8053 | D:7      | Reached XP level 9. HP: 25/69 MP: 9/9
  8560 | D:7      | Found Gucuz's Antique Armour Emporium.
  8863 | D:8      | Found a stormy altar of Qazlal.
  8866 | D:8      | Found a flagged portal.
  9044 | Bailey   | Entered a bailey
 10402 | D:8      | Reached skill level 10 in Long Blades
 11072 | D:4      | Bought 2 scrolls of acquirement for 1144 gold pieces
 11075 | D:4      | Got a steaming lajatang
 11076 | D:4      | Identified the +8 lajatang of Miod {flame, Int+2 Stlth+} (You acquired it on level 4 of the Dungeon)
 11477 | D:8      | Noticed a hill giant
 11652 | D:7      | Reached XP level 10. HP: 50/79 MP: 10/10
 11715 | D:8      | Reached skill level 11 in Long Blades
 11926 | D:7      | Slain by a hill giant

Vault maps used:
D:1:      shiori_arrival_oz, minmay_misc_feat_roman, okawaru_ov_weapons_minmay
D:2:      minmay_diamond_boxcup, xom_butterflies
D:3:      grunt_ministairs_12, uniq_iyjb
D:4:      serial_shops, shop, nicolae_shop_behind_doors, shop_statue
D:5:      lemuel_ice_spiral_2, first_bread
D:6:      nicolae_overflow_crystal_walls, nicolae_ossuary_entry_monument
D:7:      serial_shops, kennysheep_mini
D:8:      grunt_qazlal_sundering, minmay_lair_entry_grove, enter_bailey_2,
          serial_curves, eino_curves_03, eino_curves_02
Temple:   nicolae_temple_hex_pool
Ossuary:  ossuary_boxes_badplayer
Bailey:   bailey_axe_2, bailey

Skill      XL: |  1  2  3  4  5  6  7  8  9 10 |
---------------+-------------------------------+-----
Long Blades    | 3 4 6 7 9 10 11 | 11.0
Fighting       | 4 5 7 |  7.2
Throwing       | |  1.5
Dodging        | |  2.4

Action                   |  1- 3 |  4- 6 |  7- 9 | 10-12 || total
-------------------------+-------+-------+-------+-------++-------
Melee: Long sword        |   120 |   284 |   753 |       ||  1157
       Dagger            |       |       |    36 |    16 ||    52
       Lajatang          |       |       |    10 |       ||    10
Throw: Throwing net      |       |     1 |       |       ||     1
Evoke: Wand              |       |     4 |    15 |       ||    19
  Use: Scroll            |       |     6 |    13 |       ||    19
 Stab: Held in net/web   |       |     1 |       |       ||     1
       Confused          |       |     1 |     3 |       ||     4
       Distracted        |       |       |     2 |       ||     2
Armor: Leather armour    |    29 |    40 |       |       ||    69
       Scale mail        |       |    40 |    77 |       ||   117
       Chain mail        |       |       |   258 |     6 ||   264
Dodge: Dodged            |    63 |   140 |   250 |     5 ||   458
